 Dungeon Crawl Stone Soup version 0.32-a0-999-gfa1cc04b1d (webtiles) character file.

Game seed: 686353577669022747

6571 ezpacito the Chopper (level 11, -10/84 HPs)
             Began as a Coglin Chaos Knight on Apr 24, 2024.
             Was a Plaything of Xom.
             Killed by divine providence
             ... invoked by an orc priest
              (11 damage)
             ... on level 9 of the Dungeon.
             The game lasted 00:10:11 (7505 turns).

ezpacito the Chopper (Coglin Chaos Knight)          Turns: 7505, Time: 00:10:12

Health: -10/84     AC: 15    Str: 23    XL:     11   Next: 1%
Magic:  16/16      EV: 12    Int: 11    God:    Xom [..*...]
Gold:   326        SH:  0    Dex: 14    Spells: 17/17 levels left

rFire   + . .        a - +1 hand axe (chaos) {Xiuhtonal}
rCold   . . .        e - +7 whip of the Sun {drain, Str+6}
rNeg    . . .        n - +3 ring mail {rF+}
rPois   .            b - +2 helmet {SInv}
rElec   .            (no cloak)
rCorr   .            j - +0 pair of gloves
SInv    +            r - +0 pair of boots
Will    .....        (amulet unavailable)
Stlth   ++           (ring unavailable)
HPRegen 0.34/turn    (ring unavailable)
MPRegen 0.15/turn    (no gizmo)

%: random rage (9%)
@: mighty, on berserk cooldown, revving
A: off-hand wielding, slow wielding, warmup strikes, no jewellery, berserk 2
a: Invent Gizmo, Renounce Religion


You were on level 9 of the Dungeon.
You worshipped Xom.
You were a toy of Xom.
You visited 2 branches of the dungeon, and saw 10 of its levels.
You also visited: Ossuary.

You collected 608 gold pieces.
You spent 282 gold pieces at shops.

Inventory:

Hand Weapons
 a - a +1 hand axe of chaos (weapon) {Xiuhtonal}
 c - a +0 trident of protection {Kaede}
 e - the +7 whip of the Sun (offhand) {drain, Str+6}
   (You found it on level 5 of the Dungeon)

   Str+6:     It affects your strength (+6).
 w - a +1 war axe of flaming
 D - a +0 orcbow
Missiles
 f - 3 curare-tipped darts (quivered)
 q - a boomerang
 z - 19 poisoned darts
Armour
 b - a +2 helmet of see invisible (worn)
 j - a +0 pair of gloves (worn)
 n - a +3 ring mail of fire resistance (worn)
 r - a +0 pair of boots (worn)
 A - a +0 plate armour
Magical Staves
 k - a staff of alchemy {Cefelyl}
Wands
 m - a wand of polymorph (8)
 u - a wand of iceblast (14)
 x - a wand of flame (18)
 E - a wand of acid (10)
Scrolls
 h - 2 scrolls of fog
 o - a scroll of brand weapon
 t - 8 scrolls of teleportation
 v - 2 scrolls of enchant weapon
 y - a scroll of butterflies
 B - a scroll of blinking
 F - a scroll of revelation
Potions
 d - 2 potions of might
 i - a potion of brilliance
 p - 2 potions of magic
 s - a potion of attraction


   Skills:
 * Level 7.0 Fighting
 * Level 7.0(8.0) Axes
 * Level 5.5(6.9) Polearms
 + Level 0.8 Ranged Weapons
 * Level 5.9 Armour
 * Level 5.7 Dodging
 + Level 4.0 Stealth
 + Level 3.5 Spellcasting
 + Level 4.0 Alchemy
 + Level 4.7 Evocations


You had 17 spell levels left.
You didn't know any spells.
Your spell library contained the following spells:

 Spells                   Type           Power      Damage    Failure   Level
 Cigotuvi's Dreadful Rot  Necr/Alch/Air  8%         N/A       32%         2
 Apportation              Tloc           2%         N/A       36%         1
 Necrotise                Necr           4%         1d4       36%         1
 Slow                     Hex            4%         N/A       36%         1
 Jinxbite                 Hex            2%         N/A       50%         2
 Confusing Touch          Hex            1%         N/A       75%         3
 Teleport Other           Tloc           1%         N/A       75%         3
 Tukima's Dance           Hex            1%         N/A       75%         3
 Vampiric Draining        Necr           1%         2d6       75%         3
 Ignite Poison            Fire/Alch      6%         N/A       85%         4
 Alistair's Intoxication  Alch           6%         N/A       89%         5
 Martyr's Knell           Necr/Summ      1%         N/A       98%         4
 Passage of Golubria      Tloc           1%         N/A       98%         4
 Yara's Violent Unravell  Hex/Alch       3%         3d4       99%         5
 Curse of Agony           Necr           1%         N/A       100%        5
 Freezing Cloud           Conj/Ice/Air   0%         6-21      100%        5
 Dispersal                Tloc           0%         N/A       100%        6
 Gell's Gavotte           Tloc           0%         2d(11-16) 100%        6


Dungeon Overview and Level Annotations

Branches:
Dungeon (9/15)             Temple (1/1) D:7             Orc (0/2) D:9
Ossuary (visited)
   Lair: D:8-11

Altars:
Ashenzari
Cheibriados
Dithmenos
Elyvilon
Fedhas
Gozag
Kikubaaqudgha
Makhleb
Nemelex Xobeh
Okawaru
Qazlal
Ru
Trog
Uskayaw
Vehumet
Wu Jian
Xom
Zin
The Shining One

Shops:
D:2 (   D:3 :(**   D:6 :[=(


Innate Abilities, Weirdness & Mutations

You can wield a second weapon in your off-hand.
It takes a long time for you to wield or remove held weapons.
Your first few attacks do less damage.
You cannot equip rings or amulets.
You have an uncontrollable temper.


Message History

The orc priest barely misses your butterfly.
The orc closely misses your butterfly.
You slash the troll with your +1 hand axe of chaos!
The troll seems to grow stronger.
The troll is almost dead.
You whack the troll with the +7 whip of the Sun!
You kill the troll!
The troll leather armour is intact enough to wear.
The orc priest mumbles some strange prayers to Beogh against you.
Beogh smites you!
* * * LOW HITPOINT WARNING * * *
Your Fighting skill increases to level 7!
Your base Axes skill increases to level 7!
Your Stealth skill increases to level 4!
You have reached level 11!
Your brain swirls with designs for a bismuth compensator.
You just need some more time...
You take 10 damage, and have 16/84 hp.
MP restored: 16 You whack the orc with the +7 whip of the Sun!
You kill the orc!
The orc priest misses your butterfly.
You swap places.
The orc priest hits your butterfly with a +0 dagger.
Your butterfly dies!
Your butterfly disappears in a burst of colours!
Things that are here:
a +0 flail; an orc corpse You swap places.
You swap places.
The orc priest mumbles some strange prayers to Beogh against you.
Beogh smites you!
* * * LOW HITPOINT WARNING * * *
Xom roars with laughter!
There is a staircase to the Orcish Mines here.
You take 16 damage, and have 1/84 hp.
You swap places.
The orc priest mumbles some strange prayers to Beogh against you.
Beogh smites you!
You die...
Xom howls with laughter!

*,,* #............... ,,*
#............... ** *
#######.###..... *, **#####
,##.###..###.....
***,...b.##*
...###..##.<... * , ,
#...#.##,#.#).#.##.####
*,,,**,#..b...###..#)..##.#
* * ,*,#bb#o#......####.#
,* ,,*,*#bb.@###..)$..##.#
*,* ,**,#.b#bb###.)#..###.#
*, * ,#.*,##bb)bb.#....# **
*,* *,**,,#bb[#)#b.##.##
,,, *,*, ,,*,,#.bb###.###
##* ,,,, *,***, * ,#b#b#,
.#**,, *** ** *,
,,*,**b.b#b.*#..,,, * *
*,,##.##b##..##,,** * ** ,,
,.#,...,#.#,,,,*******


You could see an orc priest (ally target).

Vanquished Creatures
  The ghost of NotBatman the Basher, a novice GnWn of Yredelemnul (D:7)
  The ghost of tuffenuff the Geomancer, a novice FoEE of Cheibriados (D:7)
  The ghost of swap the Thaumaturge, a novice DEEE of Vehumet (D:7)
  A troll (D:9)
  A hornet (D:9)
  Prince Ribbit (D:7)
  Sigmund (D:2)
  3 yaks (D:8)
  A wyvern (D:9)
  A warg (D:9)
  A steam dragon (D:9)
  Menkaure (D:6)
  A water moccasin (D:5)
  2 sky beasts (D:7)
  2 orc warriors (D:9)
  3 black bears
  5 ice beasts
  An ogre (D:4)
  3 centaurs
  A phantom (D:7)
  2 kobold brigands (D:9)
  3 bullfrogs
  An elf zombie (Ossuary)
  A gnoll sergeant (D:7)
  5 scorpions
  A howler monkey (D:7)
  2 human zombies (Ossuary)
  2 bombardier beetles
  A jelly (D:8)
  4 orc priests
  A hound (D:5)
  2 iguanas (D:5)
  A gnoll bouda (D:9)
  6 orc wizards
  2 hound zombies (Ossuary)
  5 mummies
  11 gnolls
  2 river rats (D:5)
  7 adders
  A shadow imp (D:5)
  An ufetubus (D:5)
  4 dart slugs
  5 ribbon worms
  37 orcs
  5 ball pythons
  3 bats
  7 endoplasms
  2 giant cockroaches (D:2)
  A gnoll zombie (Ossuary)
  A goblin (D:2)
  3 hobgoblins
  5 jackals
  2 quokkas
  2 frilled lizards
  2 jackal zombies (Ossuary)
  24 kobolds
  2 kobold zombies (Ossuary)
  An orc zombie (Ossuary)
  5 rats
  A rat zombie (Ossuary)
205 creatures vanquished.

Vanquished Creatures (collateral kills)
  A kobold brigand (D:5)
  An ufetubus (D:5)
  A dart slug (D:1)
  An endoplasm (D:1)
  A kobold (D:5)
  A rat (D:1)
6 creatures vanquished.

Vanquished Creatures (others)
  A black bear (D:7)
  2 orcs (D:9)
3 creatures vanquished.

Grand Total: 214 creatures vanquished

Notes
Turn   | Place    | Note
-------+----------+-------------------------------------------
     0 | D:1      | ezpacito the Coglin Chaos Knight began the quest for the
                  | Orb.
     0 | D:1      | Reached XP level 1. HP: 18/18 MP: 1/1
    49 | D:1      | Reached skill level 1 in Dodging
   116 | D:1      | Reached XP level 2. HP: 15/24 MP: 2/2
   422 | D:1      | XOM: cloud trail
   672 | D:2      | Reached XP level 3. HP: 29/29 MP: 3/3
   697 | D:2      | Noticed Sigmund
   703 | D:2      | XOM: potion effect (haste)
   722 | D:2      | Killed Sigmund
   723 | D:2      | Reached skill level 1 in Polearms
   723 | D:2      | Reached skill level 1 in Stealth
   723 | D:2      | Reached XP level 4. HP: 26/37 MP: 3/5
   723 | D:2      | Reached XP level 5. HP: 29/42 MP: 3/6
   892 | D:2      | Found Def Qyong's Weapon Boutique.
   896 | D:2      | Bought 2 curare-tipped darts for 33 gold pieces
   953 | D:2      | Found a burning altar of Makhleb.
  1233 | D:2      | Reached skill level 1 in Spellcasting
  1233 | D:2      | Reached XP level 6. HP: 48/48 MP: 7/7
  1412 | D:3      | Found Biosem's Antique Weapon Shop.
  1424 | D:3      | Found Tissaeth's Book Emporium.
  1676 | D:3      | Found Sukalyli's Assorted Antiques.
  1680 | D:3      | Bought a white potion for 20 gold pieces
  1695 | D:3      | Found a transporter.
  1698 | D:3      | Found Jiffyewu's Assorted Antiques.
  1732 | D:3      | Found a blossoming altar of Fedhas.
  1732 | D:3      | Found a radiant altar of Vehumet.
  1875 | D:3      | Found a transporter.
  2106 | D:3      | Bought a scroll labelled TEOSU XIABLUT for 25 gold pieces
  2106 | D:3      | Bought a scroll labelled CUMA TAUMUS for 25 gold pieces
  2165 | D:4      | Noticed an ice beast
  2171 | D:4      | Killed an ice beast
  2232 | D:4      | XOM: noise
  2439 | D:4      | XOM: silly message
  2462 | D:4      | XOM: silly message
  2488 | D:4      | Reached skill level 1 in Evocations
  2488 | D:4      | Reached XP level 7. HP: 49/54 MP: 8/8
  2735 | D:4      | XOM: fake destruction
  3061 | D:3      | Bought 2 scrolls labelled AGOETY SAULECW for 46 gold pieces
  3126 | D:5      | Entered Level 5 of the Dungeon
  3137 | D:5      | Reached skill level 1 in Alchemy
  3157 | D:5      | Identified the +7 whip of the Sun {drain, Str+6}
  3521 | D:5      | Found a sand-covered staircase.
  3527 | D:5      | Reached XP level 8. HP: 61/61 MP: 10/10
  3530 | Ossuary  | Entered an ossuary
  3766 | D:5      | Found a glowing drain.
  3937 | D:5      | XOM: god gift: 46 gold pieces
  4109 | D:5      | Reached skill level 5 in Fighting
  4109 | D:5      | Reached skill level 5 in Axes
  4402 | D:6      | Found a hide-covered altar of Uskayaw.
  4437 | D:6      | Found Ylaserch's Weapon Boutique.
  4462 | D:6      | Bought a +1 war axe of flaming for 133 gold pieces
  4466 | D:6      | Found Vavosmua's Armour Shop.
  4557 | D:6      | Found Gat Exacs's Jewellery Emporium.
  4713 | D:6      | Noticed Menkaure
  4722 | D:6      | Killed Menkaure
  4723 | D:6      | Reached XP level 9. HP: 56/68 MP: 12/12
  4761 | D:6      | Found Hailiupt's Book Boutique.
  4835 | D:7      | XOM: stealth player
  4843 | D:7      | XOM: fog
  5027 | D:7      | Found a staircase to the Ecumenical Temple.
  5029 | D:7      | XOM: cloud trail
  5033 | Temple   | Entered the Ecumenical Temple
  5099 | D:7      | Found a runed translucent gate.
  5100 | D:7      | Found a runed translucent gate.
  5101 | D:7      | Found a runed translucent gate.
  5102 | D:7      | Noticed NotBatman's ghost (novice GnWn)
  5103 | D:7      | Noticed swap's ghost (novice DEEE)
  5103 | D:7      | Noticed tuffenuff's ghost (novice FoEE)
  5459 | D:7      | Noticed Prince Ribbit
  5466 | D:7      | Killed Prince Ribbit
  5526 | D:7      | XOM: divination: detect creatures
  5555 | D:7      | XOM: stat loss: -1 Int (10/11)
  5744 | D:7      | XOM: divine lightning
  5893 | D:7      | Gained mutation: You sometimes lose your temper in combat.
                  | [potion of mutation]
  5893 | D:7      | Gained mutation: You have an uncontrollable temper. [potion
                  | of mutation]
  5903 | D:7      | Killed tuffenuff's ghost
  5903 | D:7      | XOM: butterfly on damage
  5904 | D:7      | Reached skill level 5 in Armour
  5904 | D:7      | XOM: chaos cloud
  5914 | D:7      | XOM: enchant monster (bad)
  5918 | D:7      | XOM: confuse monster(s)
  5925 | D:7      | Killed swap's ghost
  5926 | D:7      | Reached XP level 10. HP: 22/76 MP: 14/14
  5926 | D:7      | Killed NotBatman's ghost
  5927 | D:7      | Reached skill level 5 in Dodging
  6112 | D:7      | XOM: summons 5 hostile demons
  6130 | D:7      | XOM: god gift: wand of polymorph (5)
  6708 | D:8      | Reached skill level 5 in Polearms
  6762 | D:8      | XOM: 7-stop teleportation journey
  7213 | D:9      | XOM: scenery: summon butterflies
  7472 | D:9      | Found a staircase to the Orcish Mines.
  7482 | D:9      | XOM: divination: magic mapping
  7501 | D:9      | Reached XP level 11. HP: 16/84 MP: 16/16
  7504 | D:9      | HP: 1/84 [orc priest/divine providence (16)]
  7505 | D:9      | Killed from afar by an orc priest

Illustrated notes

Levels and vault maps discovered:
D:1:      dpeg_arrival_refuge, layout_basic
D:2:      layout_loops_ring, basic_altar, serial_shops, nicolae_diamond_shop,
          minmay_worlds_worst_comb, uniq_sigmund
D:3:      layout_basic, gammafunk_temple_overflow_elements, serial_shops, shop,
          shop, nicolae_shop_crystal, nicolae_shop_drivethru
D:4:      layout_basic
D:5:      kennysheep_kobold_camp, layout_rooms, gup_ossuary_entry_pyramid,
          lightli_sewer_entry_pipes
D:6:      layout_rooms, nicolae_uskayaw_murder_on_the_dancefloor, serial_shops,
          nicolae_shop_rolling_square, nicolae_shop_getting_attention,
          kennysheep_mini_moat, nicolae_square_shop, uniq_menkaure
D:7:      layout_loops_ring, minmay_temple_entry_overgrown,
          gammafunk_ghost_cemetery, grunt_ministairs_3, uniq_prince_ribbit1
D:8:      layout_basic
D:9:      layout_long_grid, erik_orc_3
Temple:   nicolae_temple_bog_church

Skill      XL: |  1  2  3  4  5  6  7  8  9 10 |
---------------+-------------------------------+-----
Dodging        | 1 2 3 4 5 |  5.7
Armour         | 2 3 4 5 |  5.9
Polearms       | 1 2 3 4 5 |  5.5
Stealth        | 1 2 3 4 |  4.0
Spellcasting   | 1 2 3 |  3.5
Fighting       | 4 5 6 7 |  7.0
Axes           | 4 5 6 7 |  7.0
Evocations     | 1 2 4 |  4.7
Alchemy        | 1 2 3 4 |  4.0
Ranged Weapons | |  0.8

Action                     |  1- 3 |  4- 6 |  7- 9 | 10-12 || total
---------------------------+-------+-------+-------+-------++-------
  Melee: Hand axe          |    45 |    80 |   237 |    72 ||   434
         Dagger            |    40 |    54 |       |       ||    94
         Staff             |       |    27 |       |       ||    27
         Trident           |       |       |   134 |       ||   134
         Whip              |       |       |   126 |    83 ||   209
  Throw: Dart              |       |     2 |       |     1 ||     3
    Use: Potion            |     2 |       |    12 |     3 ||    17
         Scroll            |       |     1 |    12 |     3 ||    16
   Stab: Sleeping          |     1 |     1 |       |     1 ||     3
         Petrified         |       |     4 |       |       ||     4
         Paralysed         |       |     4 |       |       ||     4
         Confused          |       |       |     7 |       ||     7
 Armour: Leather armour    |    21 |    19 |       |       ||    40
         Ring mail         |       |    37 |   222 |    89 ||   348
  Dodge: Dodged            |    23 |    56 |   138 |    77 ||   294

Table legend: (Time is in decaauts)
 A = Elapsed time spent in this place.
 B = Non-inter-level travel time spent in this place.
 C = Inter-level travel time spent in this place.
 D = Time resting spent in this place.
 E = Time spent auto-exploring this place.
 F = Levels seen in this place.
 G = Mean time per level.
                   A        B        C        D        E       F      G
               +--------+--------+--------+--------+--------+-----+--------+
         Total |   7652 |   7207 |    445 |     41 |   5732 |  11 |  695.6 |
       Dungeon |   7479 |   7035 |    444 |     41 |   5638 |   9 |  831.0 |
        Temple |      1 |      1 |      0 |      0 |      0 |   1 |    1.0 |
       Ossuary |    170 |    170 |      0 |      0 |     94 |   1 |  170.0 |
               +--------+--------+--------+--------+--------+-----+--------+

Top non-repeatable levels by time:
     D:7: 1380 daAuts
     D:5: 1042 daAuts
     D:8: 1016 daAuts
     D:4: 936 daAuts
     D:3: 785 daAuts
     D:2: 735 daAuts
     D:1: 660 daAuts
     D:6: 540 daAuts
     D:9: 381 daAuts
 Ossuary: 170 daAuts
  Temple: 1 daAuts
